 Seeded DCSS version 0.30-a0-879-ga8ba668304 (webtiles) character file.

Game seed: 3428853487130244560 (custom seed)

921 bmack86 the Chopper (level 7, -1/59 (62) HPs)
             Began as a Minotaur Fighter on Mar 13, 2023.
             Slain by a wight
             ... wielding a +3 morningstar of freezing
              (2 damage)
             ... on level 5 of the Dungeon.
             The game lasted 00:09:44 (4028 turns).

bmack86 the Chopper (Minotaur Fighter)              Turns: 4028, Time: 00:09:45

HP:   -1/59 (62)    AC: 16    Str: 22    XL:     7   Next: 84%
MP:   5/5           EV:  9    Int:  5    God:
Gold: 1             SH:  5    Dex: 10    Spells: 6/6 levels left

rFire   . . .      SeeInvis .    k - +8 war axe (antimagic)
rCold   . . .      Faith    .    c - +0 buckler
rNeg    . . .      Spirit   .    b - +0 scale mail
rPois   .          Reflect  .    (helmet restricted)
rElec   .          Rampage  .    C - +1 cloak
rCorr   .                        l - +0 pair of gloves
Will    .....                    m - +0 pair of boots Stlth
                                 (no amulet)
HPRegen 0.29/turn                t - +4 ring of protection
MPRegen 0.09/turn                w - ring of magical power

@: lightly drained
A: horns 2, retaliatory headbutt
a: no special abilities


You were on level 5 of the Dungeon.
You visited 1 branch of the dungeon, and saw 6 of its levels.

You collected 448 gold pieces.
You spent 447 gold pieces at shops.

Inventory:

Hand Weapons
 a - a +0 war axe
 k - a +8 antimagic war axe (weapon)
Missiles
 A - 9 poisoned darts (quivered)
Armour
 b - a +0 scale mail (worn)
 c - a +0 buckler (worn)
 l - a +0 pair of gloves (worn)
 m - a +0 pair of boots (worn)
 C - a +1 cloak (worn)
Jewellery
 t - a +4 ring of protection (left hand)
 w - a ring of magical power (right hand)
Wands
 z - a wand of roots (10)
Scrolls
 e - 8 scrolls of identify {unknown}
 f - 2 scrolls of blinking {unknown}
 h - 2 scrolls of enchant armour {unknown}
 i - 8 scrolls of fog {unknown}
 j - a scroll of noise {unknown}
 o - a scroll of amnesia {unknown}
 p - a scroll of immolation {unknown}
 r - a scroll of fear {unknown}
 x - 2 scrolls of poison {unknown}
 y - a scroll of enchant weapon {unknown}
Potions
 d - 2 potions of might
 g - a potion of berserk rage {unknown}
 n - 2 potions of magic {unknown}
 q - a potion of invisibility {unknown}
 s - a potion of heal wounds {unknown}
 u - a potion of cancellation {unknown}
 v - 2 potions of mutation {unknown}
 B - a potion of lignification {unknown}


   Skills:
 + Level 5.8 Fighting
 * Level 7.0 Axes
 + Level 1.8 Throwing
 + Level 5.9 Armour
 + Level 5.8 Shields


You had 6 spell levels left.
You didn't know any spells.
Your spell library contained the following spells:

 Spells                   Type           Power      Damage    Failure   Level
 Necrotise                Necr           0%         1d4       86%         1
 Summon Small Mammal      Summ           0%         N/A       86%         1
 Sublimation of Blood     Necr           0%         N/A       94%         2
 Wereblood                Tmut           0%         N/A       94%         2
 Call Canine Familiar     Summ           0%         N/A       99%         3
 Gell's Gravitas          Tloc           0%         N/A       99%         3
 Summon Guardian Golem    Hex/Summ       0%         N/A       99%         3
 Teleport Other           Tloc           0%         N/A       99%         3
 Vhi's Electric Charge    Tloc/Air       0%         N/A       99%         3
 Agony                    Necr           0%         N/A       100%        5
 Arcjolt                  Conj/Air       0%         1d10      100%        5
 Dispersal                Tloc           0%         N/A       100%        6
 Starburst                Conj/Fire      0%         6d3       100%        6
 Summon Hydra             Summ           0%         N/A       100%        7
 Borgnjor's Revivificati  Necr           0%         N/A       100%        8
 Maxwell's Capacitive Co  Air            0%         ∞         100%        8


Dungeon Overview and Level Annotations

Branches:
Dungeon (6/15)
 Temple: D:4-7

Altars:
Yredelemnul

Shops:
D:1 (   D:4 *[*   D:5 *


Innate Abilities, Weirdness & Mutations

You have a pair of horns on your head.
You reflexively headbutt those who attack you in melee.


Message History

There is a stone staircase leading down here.
You see here a sky beast corpse.
There is a stone staircase leading down here.
You see here a sky beast corpse.
You start resting.
HP restored.
You climb downwards.
The wight barely misses you. x3
The wight hits you but does no damage.
There is a stone staircase leading up here.
You block the wight's attack.
The wight hits you with a +3 morningstar of freezing.
You feel drained. The wight freezes you.
The wight hits you with a +2 short sword!
You climb upwards.
There is a stone staircase leading down here.
You see here a sky beast corpse.
You hit the wight.
The wight is moderately damaged.
You hit the wight. You closely miss the wight.
The wight hits you with a +1 long sword.
You feel drained.
The wight hits you with a +3 morningstar of freezing.
You feel drained. The wight freezes you. The wight hits you but does no damage.
You slash the wight!
You destroy the wight!
You hit the wight. x2; The wight misses you.
You furiously retaliate!
You headbutt the wight!
You destroy the wight!
The wight hits you with a +3 morningstar of freezing!
You feel drained.
* * * LOW HITPOINT WARNING * * *
The wight freezes you.
* * * LOW HITPOINT WARNING * * *
Your Axes skill increases to level 7!
The wight hits you with a +3 morningstar of freezing!
* * * LOW HITPOINT WARNING * * *
You feel drained.
* * * LOW HITPOINT WARNING * * *
The wight freezes you.
You die...

#......................
#...##.#.........#.#.##
#..............#.#.#.##
#.....>.##..#.##.......
##.###...............##
#.# #.###..#.####.####
#.# #.# #..#.# #.# #
#.###.###..#.# #.# #
#...z@)....[.# #.# #
#####>###..######.####
#.###..##.........
#...............##
#####..##...<...#
####...##......#
#.......#......#
#.##.........###
#.###.###.##.#


You could see a wight.

Vanquished Creatures
  A sky beast (D:5)
  A black bear (D:6)
  A phantom (D:5)
  2 wights (D:5)
  2 jellies (D:5)
  2 orc priests
  3 hounds
  3 iguanas (D:5)
  Natasha (thrice) (D:2)
  7 adders
  A shadow imp (D:6)
  An ufetubus (D:6)
  6 worms
  3 dart slugs (D:1)
  10 orcs
  4 ball pythons
  6 bats
  11 endoplasms
  2 giant cockroaches
  8 goblins
  7 hobgoblins
  3 jackals (D:2)
  2 quokkas
  2 frilled lizards
  6 kobolds
  3 rats (D:2)
100 creatures vanquished.

Vanquished Creatures (others)
  A demonic plant (D:6)
1 creature vanquished.

Grand Total: 101 creatures vanquished

Notes
Turn   | Place    | Note
-------+----------+-------------------------------------------
     0 | D:1      | bmack86 the Minotaur Fighter began the quest for the Orb.
     0 | D:1      | Reached XP level 1. HP: 19/19 MP: 0/0
    63 | D:1      | Found Zofunism's Antique Weapon Shop.
   272 | D:1      | Reached XP level 2. HP: 27/27 MP: 1/1
   348 | D:1      | Reached skill level 3 in Axes
   362 | D:1      | Got Sif Muna's Enchiridion on Corpses and the Arsonist
   530 | D:1      | Found a faded altar of an unknown god.
   938 | D:2      | Noticed Natasha
   945 | D:2      | Killed Natasha
   946 | D:2      | Reached XP level 3. HP: 21/33 MP: 2/2
   991 | D:2      | Reached XP level 4. HP: 38/40 MP: 3/3
  1030 | D:2      | Reached skill level 4 in Axes
  1205 | D:2      | Noticed Natasha
  1210 | D:2      | Killed Natasha
  1255 | D:2      | Reached XP level 5. HP: 47/47 MP: 4/4
  1559 | D:2      | Noticed Natasha
  1568 | D:2      | Killed Natasha
  1619 | D:1      | Bought a glowing war axe for 162 gold pieces
  2431 | D:4      | Found a basalt altar of Yredelemnul.
  2463 | D:4      | Found Suyl's Assorted Antiques.
  2481 | D:4      | Found Ocaynwox's Magic Scroll Emporium.
  2482 | D:4      | Found Eturph's Antique Armour Emporium.
  2483 | D:4      | Found Risauh's Assorted Antiques.
  2491 | D:4      | Bought a notched emerald ring for 120 gold pieces
  2505 | D:4      | Identified the +1 leather armour "Jorereek" {rF+ rN+ Int-2
                  | Dex+3}
  2769 | D:4      | Reached skill level 5 in Axes
  2893 | D:5      | Entered Level 5 of the Dungeon
  2896 | D:5      | Reached skill level 5 in Armour
  2896 | D:5      | Reached XP level 6. HP: 35/55 MP: 1/5
  2980 | D:5      | Reached skill level 5 in Fighting
  2980 | D:5      | Reached skill level 5 in Shields
  3065 | D:5      | Found Xuuqy's Assorted Antiques.
  3330 | D:5      | Reached skill level 6 in Axes
  3330 | D:5      | Reached XP level 7. HP: 59/61 MP: 5/6
  3594 | D:6      | Reached skill level 1 in Throwing
  3890 | D:4      | Bought a runed cloak for 165 gold pieces
  4028 | D:5      | Reached skill level 7 in Axes
  4028 | D:5      | HP: 2/60 [wight/+3 morningstar of freezing (7)]
  4028 | D:5      | Slain by a wight

Illustrated notes

Levels and vault maps discovered:
D:1:      dpeg_arrival_central, layout_basic, serial_shops, shop,
          hellmonk_ecumenical_altar_heavens_door
D:2:      layout_loops_ring, kennysheep_nub, uniq_natasha
D:3:      layout_rooms, corexii_leaking_fountain
D:4:      layout_cave_pools, old_standard_altar,
          hangedman_abyss_or_decor_passed, minmay_shop_grid_forest,
          grunt_decor_clamped
D:5:      layout_loops_ring, serial_shops, nicolae_shop_stone
D:6:      layout_gridville, serial_demonic, serial_demonic_g, serial_demonic_f,
          serial_demonic_c, serial_demonic_f

Skill      XL: |  1  2  3  4  5  6  7 |
---------------+----------------------+-----
Axes           | 3 4 5 6 7 |  7.0
Fighting       | 4 5 |  5.8
Armour         | 4 5 |  5.9
Shields        | 4 5 |  5.8
Throwing       | 1 |  1.8

Action                     |  1- 3 |  4- 6 |  7- 9 || total
---------------------------+-------+-------+-------++-------
  Melee: War axe           |    42 |   130 |    18 ||   190
         Headbutt          |     3 |    19 |     2 ||    24
 Armour: Scale mail        |    34 |    51 |    22 ||   107
  Dodge: Dodged            |    24 |    54 |    14 ||    92
  Block: Buckler           |    11 |    26 |     5 ||    42

Table legend: (Time is in decaauts)
 A = Elapsed time spent in this place.
 B = Non-inter-level travel time spent in this place.
 C = Inter-level travel time spent in this place.
 D = Time resting spent in this place.
 E = Time spent auto-exploring this place.
 F = Levels seen in this place.
 G = Mean time per level.
                   A        B        C        D        E       F      G
               +--------+--------+--------+--------+--------+-----+--------+
         Total |   4102 |   3900 |    202 |     54 |   2470 |   6 |  683.7 |
       Dungeon |   4102 |   3900 |    202 |     54 |   2470 |   6 |  683.7 |
               +--------+--------+--------+--------+--------+-----+--------+

Top non-repeatable levels by time:
     D:1: 1024 daAuts
     D:2: 883 daAuts
     D:5: 817 daAuts
     D:4: 652 daAuts
     D:3: 485 daAuts
     D:6: 239 daAuts
